 Dungeon Crawl Stone Soup version 0.24.0-125-gc4c63601f3 (webtiles) character file.

Game seed: 13429196755698081938, levelgen mode: deterministic

21 MajorAdolf the Magician (level 2, 22/22 HPs)
             Began as a Naga Wanderer on Mar 11, 2020.
             Quit the game on level 2 of the Dungeon on Mar 13, 2020.
             The game lasted 00:04:09 (986 turns).

MajorAdolf the Magician (Naga Wanderer)              Turns: 986, Time: 00:04:10

Health: 22/22      AC:  2    Str: 18    XL:     2   Next: 87%
Magic:  8/8        EV:  9    Int: 11    God:
Gold:   19         SH:  0    Dex:  7    Spells: 8/11 levels left

rFire    . . .     SeeInvis +   a - +0 club
rCold    . . .     Gourm    .   (no shield)
rNeg     . . .     Faith    .   c - +0 robe
rPois    +         Spirit   .   h - +0 helmet
rElec    .         Reflect  .   (no cloak)
rCorr    .         Harm     .   (no gloves)
MR       .....                  (no barding)
Stlth    ++........             (no amulet)
HPRegen  0.07/turn              (no ring)
MPRegen  0.11/turn              (no ring)

@: very slow
A: large, see invisible, deformed body, poison resistance, slowness 2, slow
metabolism 1, spit poison 1, AC +0
a: Spit Poison


You were on level 2 of the Dungeon.
You were not hungry.

You visited 1 branch of the dungeon, and saw 2 of its levels.

You collected 19 gold pieces.

Inventory:

Hand Weapons
 a - a +0 club (weapon)
Armour
 c - a +0 robe (worn)
 h - a +0 helmet (worn)
Scrolls
 e - a scroll of identify {unknown}
 g - a scroll of remove curse {unknown}
 j - a scroll of teleportation {unknown}
Potions
 b - a potion of curing
 d - a potion of heal wounds {unknown}
 i - a potion of might {unknown}
Comestibles
 f - 4 rations


   Skills:
 + Level 4.4 Stealth
 - Level 5.0 Spellcasting
   Level 1.0 Hexes
   Level 1.0 Transmutations
   Level 1.0 Ice Magic
   Level 1.0 Evocations


You had 8 spell levels left.
You knew the following spells:

 Your Spells              Type           Power        Failure   Level  Hunger
a - Magic Dart            Conj           #...         22%         1    None
b - Call Imp              Summ           #.......     32%         2    ##.....

Your spell library contained the following spells:

 Spells                   Type           Power        Failure   Level  Hunger
 Slow                     Hex            #.......     22%         2    ##.....
 Blink                    Tloc           N/A          32%         2    ##.....
 Conjure Flame            Conj/Fire      #.......     54%         3    ###....
 Mephitic Cloud           Conj/Pois/Air  #.......     54%         3    ###....


Dungeon Overview and Level Annotations

Branches:
Dungeon (2/15)

Altars:


Innate Abilities, Weirdness & Mutations

You cannot wear boots.
Your serpentine skin is tough. (AC +0)
You have supernaturally acute eyesight. (SInv)
Armour fits poorly on your strangely shaped body.
Your system is resistant to poisons. (rPois)
You cover ground very slowly.
You have a slow metabolism.
You can spit poison.


Message History

Your magical contamination has completely faded away.
You start resting.
Magic restored.
Unknown command.
Things that are here:
a +0 club; a kobold corpse
i - a black potion
j - a scroll labeled NULERY YFFY A hobgoblin comes into view.
It is wielding a +0 club.
Found a stone staircase leading up.
A hobgoblin is nearby!
Okay, then.
A hobgoblin is nearby!
A hobgoblin is nearby!
Unknown command.
Welcome back, MajorAdolf the Naga Wanderer.
Press ? for a list of commands and other information.
Quiver which item? (- for none, * to show all) (? for menu, Esc to quit)
Okay, then.
Are you sure you want to abandon this character and quit the game? (Confirm with "yes".)

#.........#
##.........# ##
#..).......#
.†###..........#
#..##..........#
##....#.......##
#....###......##
#..###
######..#####
..## ##..@..#
.)# #####.# ###
.. # .<. # ... #
.. #


g You could see a hobgoblin (sleeping).

Vanquished Creatures
  An ooze (D:1)
  2 bats (D:1)
  A goblin (D:1)
  2 hobgoblins (D:1)
  3 jackals (D:1)
  A ball python (D:2)
  A frilled lizard (D:1)
  3 kobolds (D:2)
  3 rats
17 creatures vanquished.

Notes
Turn   | Place    | Note
-------+----------+-------------------------------------------
     0 | D:1      | MajorAdolf the Naga Wanderer began the quest for the Orb.
     0 | D:1      | MajorAdolf set off with the following items: a +0 club, 2
                  | potions of curing, a +0 robe, a ration; and the following
                  | spell memorised: Magic Dart; and the following spells
                  | available to memorise: Slow, Blink, Call Imp, Conjure
                  | Flame, Mephitic Cloud
     0 | D:1      | Reached XP level 1. HP: 15/15 MP: 6/6
   183 | D:1      | Reached XP level 2. HP: 10/22 MP: 1/8
   821 | D:1      | Learned a level 2 spell: Call Imp
   986 | D:2      | Quit the game

Levels and vault maps discovered:
D:1:      enne_arrival_octagon_isle, layout_basic
D:2:      layout_rooms, nicolae_overflow_hidden_temple

Skill      XL: |  1  2 |
---------------+-------+-----
Stealth        | 3 4 |  4.4
Spellcasting   | |  5.0
Hexes          | |  1.0
Transmutations | |  1.0
Ice Magic      | |  1.0
Evocations     | |  1.0

Action                   || total
-------------------------++-------
Melee: Club              ||    12
 Cast: Magic Dart        ||    24
       Call Imp          ||     1
 Abil: Spit Poison       ||    14
  Use: Potion            ||     2
Armor: Robe              ||     2
Dodge: Dodged            ||    14
